 Dungeon Crawl Stone Soup version 0.18-a0-1140-g8540535 (webtiles) character file.

28 namelastname112 the Skirmisher (level 2, -5/24 HPs)
             Began as a Draconian Wanderer on Jan 21, 2016.
             Killed from afar by Sigmund (7 damage)
             ... with a puff of flame
             ... on level 2 of the Dungeon.
             The game lasted 00:01:55 (760 turns).

namelastname112 the Skirmisher (Draconian Wanderer)  Turns: 760, Time: 00:01:55

Health: -5/24      AC:  4    Str: 13    XL:     2   Next: 96%
Magic:  2/2        EV: 11    Int: 14    God:
Gold:   75         SH:  0    Dex:  9    Spells: 0 memorised, 1 level left

rFire  . . .     SeeInvis +     d - +0 falchion
rCold  . . .     Gourm    .     (armour unavailable)
rNeg   . . .     Faith    .     (no shield)
rPois  .         Spirit   .     (helmet restricted)
rElec  .         Dismiss  .     (no cloak)
rCorr  .         Reflect  .     (no gloves)
SustAt .         Harm     .     (no boots)
MR     .....     Rnd*Rage +     (no amulet)
Stlth  +.........               (no ring)
                                l - ring of see invisible

@: not resistant to hostile enchantments, very unstealthy
A: unfitting armour, berserk 1, frail 2, cold-blooded, AC +4
a: no special abilities


You were on level 2 of the Dungeon.
You were not hungry.

You visited 1 branch of the dungeon, and saw 2 of its levels.

You collected 75 gold pieces.

Inventory:

Hand Weapons
 d - a +0 falchion (weapon)
Armour
 a - a +0 shield
Jewellery
 l - a ring of see invisible (left hand)
Scrolls
 b - a scroll of identify {unknown}
 c - a scroll of enchant weapon {unknown}
 e - a scroll of amnesia {unknown}
 g - a scroll of blinking {unknown}
 h - 2 scrolls of recharging {unknown}
 k - 4 scrolls of teleportation {unknown}
Potions
 j - a potion of agility {unknown}
Comestibles
 f - 3 bread rations
 m - a meat ration
 n - a beef jerky


   Skills:
 + Level 5.6 Fighting
 * Level 3.0 Long Blades
   Level 1.0 Maces & Flails
 + Level 0.6 Dodging
 - Level 1.0 Shields
   Level 1.0 Evocations


You had one spell level left.
You didn't know any spells.

Dungeon Overview and Level Annotations

Branches:
Dungeon (2/15)

Altars:

Annotations:
D:2 Sigmund


Innate Abilities, Weirdness & Mutations

Your plain brown scales are hard (AC +4).
Your body does not fit into most forms of armour.
You are cold-blooded and may be slowed by cold attacks.
You tend to lose your temper in combat.
You are very frail (-20% HP).


Message History

Sigmund is lightly wounded.
The giant cockroach bites you. The giant cockroach closely misses you.
Sigmund hits you with a scythe!
* * * LOW HITPOINT WARNING * * *
You barely miss Sigmund.
Sigmund is lightly wounded.
The giant cockroach barely misses you.
You barely miss Sigmund.
Sigmund is lightly wounded.
The giant cockroach misses you. Sigmund closely misses you.
The giant cockroach bites you but does no damage.
You barely miss Sigmund.
Your tail-slap misses Sigmund.
Sigmund is lightly wounded.
Sigmund closely misses you. The giant cockroach barely misses you.
You hit Sigmund but do no damage. You tail-slap Sigmund.
Sigmund is moderately wounded.
The giant cockroach barely misses you. Sigmund casts a spell at you.
The puff of flame hits you!
You die...

#.. #.# #.#
......
..##.#
#.##.#######
#.##@s....%.
#.##@#
#.##.#
#.##.#
#.##.######
#...........
###..#......
##.[#.#####
#.....#
#†###.#


You could see Sigmund (invisible) and a giant cockroach.

Vanquished Creatures
  A giant cockroach (D:2)
  3 goblins (D:1)
  3 hobgoblins
  5 bats (D:1)
  3 giant newts
  6 kobolds
  6 rats (D:1)
27 creatures vanquished.

Notes
Turn   | Place    | Note
--------------------------------------------------------------
     0 | D:1      | namelastname112 the Draconian Wanderer began the quest for the Orb.
     0 | D:1      | namelastname112 set off with: a +0 shield, a +0 shortbow, 24 arrows, a +0 falchion, a bread ration
     0 | D:1      | Reached XP level 1. HP: 23/23 MP: 1/1
   204 | D:1      | Reached XP level 2. HP: 20/29 MP: 2/2
   743 | D:2      | Noticed Sigmund
   745 | D:2      | Gained mutation: You are frail (-10% HP). [potion of mutation]
   745 | D:2      | Gained mutation: You tend to lose your temper in combat. [potion of mutation]
   745 | D:2      | Gained mutation: You are very frail (-20% HP). [potion of mutation]
   760 | D:2      | Killed from afar by Sigmund

Vault maps used:
D:1:      dpeg_arrival_tiny_g
D:2:      uniq_sigmund

Action                   || total
-------------------------++-------
Melee: Falchion          ||    85
  Use: Potion            ||     1
